 Dungeon Crawl Stone Soup version 0.20-a0-463-g5747544 (webtiles) character file.

101416 Queen the Tortoise (level 15, 0/107 HPs)
             Began as a Minotaur Berserker on Jan 11, 2017.
             Was a High Priest of Trog.
             Killed from afar by Aizul (21 damage)
             ... with a bolt of poison
             ... on level 3 of the Shoals.
             The game lasted 02:28:06 (20566 turns).

Queen the Tortoise (Minotaur Berserker)            Turns: 20566, Time: 02:28:08

Health: 0/107      AC: 28    Str: 22    XL:     15   Next: 83%
Magic:  23/23      EV: 13    Int:  8    God:    Trog [*****.]
Gold:   1447       SH: 24    Dex: 16    Spells: 14/14 levels left

rFire  . . .     SeeInvis .     Y - +1 demon blade (elec)
rCold  . . .     Gourm    .     x - +4 plate armour
rNeg   . . .     Faith    .     W - +1 large shield
rPois  .         Spirit   .     D - +2 hat
rElec  .         Reflect  .     F - +0 cloak of the Eternal Fruit {MP+9 Slay+2}
rCorr  .         Harm     .     (no gloves)
MR     +++..                    K - +0 pair of boots
Stlth  ..........               s - amulet "Oboorphayxo" {Regen+ Int+4}
                                n - +3 ring of evasion
                                R - +2 ring of evasion

@: lethally poisoned (0 -> -9), exhausted, barbed spikes, regenerating, slowed,
very slow
A: retaliatory headbutt, hooves 1, horns 2
a: Berserk, Trog's Hand, Brothers in Arms, Burn Spellbooks, Renounce Religion


You were on level 3 of the Shoals.
You worshipped Trog.
Trog was extremely pleased with you.
You were not hungry.

You visited 5 branches of the dungeon, and saw 26 of its levels.

You collected 2045 gold pieces.
You spent 598 gold pieces at shops.

Inventory:

Hand Weapons
 P - a +3 antimagic scimitar
 Y - a +1 demon blade of electrocution (weapon)
Armour
 x - a +4 plate armour (worn)
 D - a +2 hat (worn)
 F - the +0 cloak of the Eternal Fruit (worn) {MP+9 Slay+2}
   (You found it on level 2 of the Shoals)

   It affects your accuracy and damage with ranged weapons and melee attacks
   (+2).
   It affects your magic capacity (+9).
 K - a +0 pair of boots (worn)
 W - a +1 large shield (worn)
Jewellery
 a - an uncursed ring of protection from cold
 f - an uncursed ring of flight
 n - a +3 ring of evasion (right hand)
 o - an uncursed ring of protection from magic
 s - the amulet "Oboorphayxo" (around neck) {Regen+ Int+4}
   (You found it on level 6 of the Lair of Beasts)

   [amulet of regeneration]

   It affects your intelligence (+4).
   It increases your rate of regeneration.
 v - a +3 ring of strength
 y - an uncursed ring of poison resistance
 A - a +3 ring of dexterity
 C - a +6 amulet of reflection
 H - an uncursed amulet of regeneration
 M - an uncursed ring of ice
 O - an uncursed ring of see invisible
 Q - a +6 ring of protection
 R - a +2 ring of evasion (left hand)
Wands
 X - a wand of iceblast (7/15)
Scrolls
 j - 11 scrolls of teleportation
 p - 3 scrolls of fog
 r - a scroll of silence
 t - 6 scrolls of recharging
 w - 4 scrolls of magic mapping
 B - 3 scrolls of blinking
 E - a scroll of enchant armour
 J - 3 scrolls of fear
 L - 9 scrolls of remove curse
 S - 5 scrolls of identify
Potions
 b - 2 potions of invisibility
 d - a potion of berserk rage
 e - 4 potions of heal wounds
 k - 15 potions of curing
 l - 2 potions of ambrosia
 m - 10 potions of might
 G - 5 potions of flight
 I - 3 potions of cancellation
 N - a potion of resistance
 V - 2 potions of haste
 Z - a potion of magic
Comestibles
 c - 13 bread rations
 h - 7 meat rations
 q - 5 beef jerkies
 u - a royal jelly
 z - 11 slices of pizza
 T - 58 fruits


   Skills:
 - Level 3.6 Fighting
 - Level 16.0 Long Blades
 - Level 20.0 Armour
 - Level 2.2 Dodging
 + Level 19.4 Shields


You had 14 spell levels left.
You didn't know any spells.

Dungeon Overview and Level Annotations

Branches:
Dungeon (15/15)            Temple (0/1) D:6            Lair (6/6) D:10
 Shoals (3/4) Lair:3        Snake (0/4) Lair:3        Slime (0/5) Lair:5
    Orc (1/2) D:12         Vaults (0/5) D:14         Depths (1/5) D:15

Altars:
Qazlal
Trog
Jiyva

Shops:
D:7 !   D:14 *

Annotations:
D:11 Sonja
D:15 exclusions: Roxanne and obsidian statue, Roxanne
Lair:6 exclusion: 4 oklob plants
Shoals:3 Aizul
Orc:1 Urug


Innate Abilities, Weirdness & Mutations

You reflexively headbutt those who attack you in melee.
You have a pair of horns on your head.
You have large cloven feet.


Message History

The barbs in your skin will harm you if you move.
Continue?
Okay, then.
Your skin crawls.
You feel resistant to hostile enchantments.
You feel somewhat more hungry.
Aizul coils herself and waves her upper body at you.
You resist with almost no effort. Aizul casts a spell at you.
The bolt of poison hits you!
You are poisoned.
* * * LOW HITPOINT WARNING * * *
Aizul coils herself and waves her upper body at you.
You resist with almost no effort. Aizul casts a spell at you.
You block the poison arrow.
You feel very sick. Aizul casts a spell at you. The bolt of poison hits you!
You are more poisoned.
You die...

##..≈ #...≈
....≈. ...≈≈. ≈
≈$.≈≈.# .≈≈
≈≈≈≈≈.S## #..≈≈
≈≈≈≈≈≈..#.$.≈≈≈
≈≈≈≈≈≈.@...≈≈≈≈
≈≈≈≈≈≈≈≈≈≈≈≈≈≈≈
≈≈≈≈≈≈≈≈≈≈≈≈≈≈≈
≈≈≈≈≈≈≈≈≈≈≈≈≈≈≈
≈≈≈≈≈≈≈≈≈≈≈≈≈≈≈
≈≈≈≈≈≈≈≈≈≈≈≈≈≈≈
≈≈≈≈≈≈≈≈≈≈≈≈≈≈≈
≈≈≈≈≈≈≈≈≈≈≈≈≈≈≈


You could see Aizul.

Vanquished Creatures
  Rupert (D:14)
  Gastronok (Lair:2)
  Kirke (D:13)
  An ettin (D:15)
  2 merfolk impalers
  The ghost of WhatIsLove the Destroyer, a journeyman OpCj of Sif Muna (D:12)
  Fannar (Lair:2)
  Harold (Lair:2)
  A vault guard (D:14)
  11 hydras
  A catoblepas (Lair:6)
  4 merfolk avatars
  The ghost of clown the Covert, a novice NaVM of Kikubaaqudgha (D:8)
  An alligator snapping turtle (Shoals:2)
  8 two-headed ogres
  6 centaur warriors
  A tengu warrior (D:15)
  4 death yaks
  A deep troll shaman (Lair:6)
  Nergalle (Lair:1)
  5 skeletal warriors (D:13)
  An unseen horror (D:15)
  5 sea snakes
  A deep troll (D:15)
  A lindwurm (Lair:6)
  2 wolf spider zombies
  A deep elf mage (D:15)
  7 cyclopes
  2 ugly things
  7 fauns
  7 manticores
  7 black mambas
  9 elephants
  4 water nymphs
  A torpor snail (Lair:2)
  5 merfolk sirens
  Psyche (D:11)
  4 spiny frogs
  3 kobold demonologists (D:15)
  8 komodo dragons
  2 ice devils (Lair:5)
  A freezing wraith (D:15)
  4 rime drakes
  2 tengu conjurers (D:13)
  2 trolls
  2 polar bears (Lair:6)
  A wind drake (Shoals:1)
  7 merfolk
  2 hornets
  9 blink frogs
  8 dream sheep
  11 hippogriffs
  6 snapping turtles
  7 slime creatures (D:12)
  Sigmund (D:2)
  A water elemental (Shoals:2)
  3 wyverns
  4 wraiths
  4 basilisks
  A steam dragon (D:9)
  49 yaks
  2 hungry ghosts (D:12)
  3 vampire mosquitoes (D:13)
  2 soldier ants
  A naga (Lair:3)
  14 water moccasins
  6 porcupines
  2 black bears
  10 orc warriors
  2 necrophages
  3 ice beasts
  A black bear (shapeshifter) (D:15)
  A sky beast (D:5)
  8 ogres
  31 wolves
  An eye of draining (D:15)
  2 phantoms (D:9)
  9 centaurs
  9 crocodiles
  8 big kobolds
  22 bullfrogs
  A wyvern zombie (D:12)
  A wyvern skeleton (D:7)
  5 scorpions
  5 wights (D:9)
  3 howler monkeys
  5 crimson imps
  5 hounds
  2 centaur skeletons
  4 jellies
  2 quasits
  9 orc priests
  A gnoll shaman (D:8)
  15 orc wizards
  Terence (D:2)
  3 iguanas
  7 hell rats (Lair:2)
  5 worker ants
  A killer bee zombie (D:10)
  A worker ant zombie (D:5)
  8 gnolls
  18 adders
  An adder skeleton (D:6)
  A worm (D:3)
  A dart slug (D:4)
  4 leopard geckos
  56 orcs
  2 ball pythons
  4 giant cockroaches
  8 goblins
  4 hobgoblins
  23 kobolds
  8 quokkas
  10 bats
  3 frilled lizards
  A jackal skeleton (D:7)
  2 rats (D:1)
  2 plants (Shoals:1)
626 creatures vanquished.

Vanquished Creatures (collateral kills)
  A cyclops (D:15)
  A black mamba (Lair:2)
2 creatures vanquished.

Vanquished Creatures (others)
  5 humans (D:13)
  A centaur (D:13)
  8 fungi
  5 plants
19 creatures vanquished.

Grand Total: 647 creatures vanquished

Notes
Turn   | Place    | Note
-------+----------+-------------------------------------------
     0 | D:1      | Queen the Minotaur Berserker began the quest for the Orb.
     0 | D:1      | Reached XP level 1. HP: 19/19 MP: 0/0
   242 | D:1      | Reached XP level 2. HP: 26/26 MP: 1/1
   366 | D:1      | Reached skill level 5 in Long Blades
   493 | D:1      | Reached XP level 3. HP: 31/31 MP: 2/2
   786 | D:2      | Noticed Sigmund
   795 | D:2      | Killed Sigmund
   795 | D:2      | Reached XP level 4. HP: 26/39 MP: 3/3
   795 | D:2      | Reached XP level 5. HP: 31/45 MP: 4/4
  1079 | D:2      | Noticed Terence
  1087 | D:2      | Killed Terence
  1739 | D:3      | Reached XP level 6. HP: 44/51 MP: 5/5
  1915 | D:3      | Reached ** piety under Trog
  2483 | D:4      | Reached XP level 7. HP: 56/57 MP: 6/6
  2789 | D:5      | Entered Level 5 of the Dungeon
  2844 | D:5      | Reached skill level 10 in Long Blades
  3125 | D:5      | Found a bloodstained altar of Trog.
  3655 | D:6      | Reached XP level 8. HP: 51/64 MP: 7/7
  3749 | D:6      | Reached *** piety under Trog
  3925 | D:6      | Found a staircase to the Ecumenical Temple.
  4644 | D:7      | Found Irobbig's Distillery.
  4647 | D:7      | Bought a potion of cure mutation for 325 gold pieces
  4647 | D:7      | Bought a potion of heal wounds for 65 gold pieces
  4860 | D:8      | Noticed clown's ghost (novice NaVM)
  4888 | D:8      | Killed clown's ghost
  4888 | D:8      | Reached XP level 9. HP: 70/70 MP: 8/8
  5207 | D:8      | Noticed a two-headed ogre
  5221 | D:8      | Killed a two-headed ogre
  5221 | D:8      | Reached skill level 15 in Long Blades
  5296 | D:8      | Reached **** piety under Trog
  5447 | D:9      | Reached skill level 3 in Armour
  5505 | D:9      | Reached skill level 4 in Armour
  5505 | D:9      | Reached XP level 10. HP: 69/77 MP: 9/9
  5520 | D:9      | Noticed a two-headed ogre
  5523 | D:9      | Killed a two-headed ogre
  5523 | D:9      | Reached skill level 6 in Armour
  5764 | D:9      | Reached skill level 7 in Armour
  5775 | D:9      | Noticed a two-headed ogre
  5793 | D:9      | Killed a two-headed ogre
  5793 | D:9      | Reached skill level 8 in Armour
  5873 | D:9      | Reached skill level 9 in Armour
  6032 | D:9      | Reached skill level 10 in Armour
  6104 | D:9      | Noticed a three-headed hydra
  6112 | D:9      | Killed a seven-headed hydra
  6112 | D:9      | Reached skill level 11 in Armour
  6218 | D:9      | Noticed a two-headed ogre
  6229 | D:9      | Killed a two-headed ogre
  6229 | D:9      | Reached XP level 11. HP: 82/82 MP: 10/10
  6299 | D:9      | HP: 3/123 [cyclops (26)]
  6305 | D:9      | Reached skill level 12 in Armour
  6663 | D:10     | Entered Level 10 of the Dungeon
  6723 | D:10     | Noticed a two-headed ogre
  6732 | D:10     | Killed a two-headed ogre
  6732 | D:10     | Reached skill level 13 in Armour
  6923 | D:10     | Noticed a two-headed ogre
  6945 | D:10     | Killed a two-headed ogre
  7029 | D:10     | Found a staircase to the Lair.
  7051 | D:10     | Noticed a two-headed ogre
  7059 | D:10     | Killed a two-headed ogre
  7139 | D:10     | Reached skill level 5 in Shields
  7260 | D:10     | Reached ***** piety under Trog
  7435 | D:11     | Noticed a brown ugly thing
  7442 | D:11     | Killed a brown ugly thing
  7594 | D:11     | Noticed Sonja
  8202 | D:11     | Noticed Psyche
  8217 | D:11     | Killed Psyche
  8479 | D:12     | Noticed a six-headed hydra
  8500 | D:12     | Killed a 12-headed hydra
  8500 | D:12     | Reached XP level 12. HP: 50/90 MP: 11/11
  8679 | D:12     | Received a gift from Trog
  8857 | D:12     | Noticed WhatIsLove's ghost (journeyman OpCj)
  9016 | D:12     | Reached skill level 10 in Shields
  9095 | D:12     | Found a stormy altar of Qazlal.
  9130 | D:12     | Killed WhatIsLove's ghost
  9568 | D:12     | Found a staircase to the Orcish Mines.
  9586 | Orc:1    | Entered Level 1 of the Orcish Mines
  9589 | Orc:1    | Noticed Urug
  9683 | D:13     | Noticed Kirke
  9696 | D:13     | Killed Kirke
  9893 | D:13     | Noticed a centaur warrior
  9907 | D:13     | Killed a centaur warrior
  9997 | D:13     | Noticed a centaur warrior
 10003 | D:13     | Killed a centaur warrior
 10335 | D:13     | Reached XP level 13. HP: 84/95 MP: 4/12
 10431 | D:13     | Gained mutation: You regenerate slowly when monsters are visible. [potion of mutation]
 10431 | D:13     | Gained mutation: You tend to lose your temper in combat. [potion of mutation]
 10431 | D:13     | Gained mutation: Your system is resistant to poisons. (rPois) [potion of mutation]
 10432 | D:13     | Lost mutation: You regenerate slowly when monsters are visible. [potion of cure mutation]
 10432 | D:13     | Lost mutation: You tend to lose your temper in combat. [potion of cure mutation]
 10432 | D:13     | Lost mutation: Your system is resistant to poisons. (rPois) [potion of cure mutation]
 10433 | D:13     | Gained mutation: You have large cloven feet. [potion of beneficial mutation]
 10705 | D:14     | Noticed Rupert
 10754 | D:14     | Killed Rupert
 10754 | D:14     | Reached skill level 15 in Shields
 10776 | D:14     | You fall through a shaft!
 10776 | D:15     | Entered Level 15 of the Dungeon
 11107 | D:15     | Noticed Roxanne
 11153 | D:15     | Noticed an ettin
 11163 | D:15     | Killed an ettin
 11484 | D:15     | Found a staircase to the Depths.
 11741 | Depths:1 | Entered Level 1 of the Depths
 11987 | D:14     | Found Ubluare's General Store.
 11995 | D:14     | Bought a scroll of identify for 26 gold pieces
 11995 | D:14     | Bought a potion of might for 52 gold pieces
 11995 | D:14     | Bought a +2 ring of evasion for 130 gold pieces
 12076 | D:14     | Found a gate to the Vaults.
 12341 | Lair:1   | Entered Level 1 of the Lair of Beasts
 12351 | Lair:1   | Reached skill level 14 in Armour
 12425 | Lair:1   | Reached XP level 14. HP: 102/102 MP: 4/13
 12817 | Lair:1   | Received a gift from Trog
 12925 | Lair:1   | Noticed Nergalle
 12940 | Lair:1   | Killed Nergalle
 13405 | Lair:2   | Reached skill level 15 in Armour
 13582 | Lair:2   | Noticed Gastronok
 13596 | Lair:2   | Killed Gastronok
 13659 | Lair:2   | Noticed Fannar
 13683 | Lair:2   | Killed Fannar
 13767 | Lair:2   | Noticed Harold
 13799 | Lair:2   | Killed Harold
 14711 | Lair:3   | Reached skill level 16 in Armour
 14976 | Lair:3   | Found a staircase to the Shoals.
 15071 | Lair:3   | Found a staircase to the Snake Pit.
 15610 | Lair:4   | Received a gift from Trog
 15660 | Lair:4   | Reached skill level 17 in Armour
 15674 | Lair:4   | Received a gift from Trog
 16406 | Lair:4   | Reached skill level 18 in Armour
 16899 | Lair:5   | Found a staircase to the Slime Pits.
 16902 | Lair:5   | Found a viscous altar of Jiyva.
 17401 | Lair:5   | Found a frozen archway.
 17660 | Lair:6   | Entered Level 6 of the Lair of Beasts
 17805 | Lair:6   | Reached XP level 15. HP: 107/107 MP: 14/14
 17880 | Lair:6   | Got a smoking ruby amulet
 17917 | Lair:6   | Received a gift from Trog
 18241 | Lair:6   | Reached skill level 19 in Armour
 18337 | Lair:6   | Identified the amulet "Oboorphayxo" {Regen+ Int+4} (You found it on level 6 of the Lair of Beasts)
 18851 | Shoals:1 | Entered Level 1 of the Shoals
 19000 | Shoals:1 | Reached ****** piety under Trog
 19186 | Shoals:1 | Reached skill level 20 in Armour
 19519 | Shoals:1 | Received a gift from Trog
 20039 | Shoals:2 | Got a polished cloak
 20050 | Shoals:2 | Identified the cursed +0 cloak of the Eternal Fruit {MP+9 Slay+2} (You found it on level 2 of the Shoals)
 20562 | Shoals:3 | Noticed Aizul
 20566 | Shoals:3 | Killed from afar by Aizul

Vault maps used:
D:1:      minmay_arrival_diagonal_passages, minmay_tromino_i4
D:2:      dk_noncrumbling_4, minmay_cut_off, uniq_terence, uniq_sigmund
D:3:      first_bread
D:4:      minmay_misc_feat_tiny
D:5:      trog_three_pillars_becter
D:7:      serial_shops, kennysheep_mini
D:9:      hangedman_ranch
D:10:     lair_entry_dummy
D:11:     uniq_sonja, uniq_psyche
D:12:     david_orc_4, nicolae_qazlal_style_of_elements
D:13:     lab_entry_generic, uniq_kirke
D:14:     david_vaults_5, serial_shops, shop, serial_bayou_pond_b, uniq_rupert
D:15:     hangedman_depths_entry_civil_slaughter, minivault_25,
          minmay_curled_crystal, minivault_24, minmay_statue_bubble,
          uniq_roxanne
Lair:1:   uniq_nergalle
Lair:2:   lemuel_fruit_tree, uniq_fannar, uniq_harold, uniq_gastronok
Lair:3:   shoals_dummy_entry, guppyfry_snake_entry_garden
Lair:4:   grunt_forest_large_clearings, lemuel_fruit_fields
Lair:5:   slime_altar_1, portal_ice_cave_demonic_guard
Lair:6:   grunt_lair_end_beastmaster, wad_woods_road_04, grunt_megastairs_4,
          minmay_lair_oklob_chamber
Shoals:2: nicolae_shoals_stone_sculpture_thing
Shoals:3: uniq_aizul
Orc:1:    uniq_erolcha, uniq_urug
Depths:1: basic_altar, grunt_hell_entry_demonic_statue, serial_shops, shop,
          lemuel_another_geyser

Skill      XL: |  1  2  3  4  5  6  7  8  9 10 11 12 13 14 15 |
---------------+----------------------------------------------+-----
Long Blades    | 4 5 7 8 9 11 14 16 | 16.0
Armour         | 4 11 13 14 18 20 | 20.0
Shields        | 8 14 17 19 | 19.4
Fighting       | |  3.6
Dodging        | |  2.2

Action                   |  1- 3 |  4- 6 |  7- 9 | 10-12 | 13-15 || total
-------------------------+-------+-------+-------+-------+-------++-------
Melee: Falchion          |    46 |    82 |       |       |       ||   128
       Headbutt          |     6 |    15 |    67 |   185 |   436 ||   709
       Long sword        |       |    32 |   236 |   501 |       ||   769
       Double sword      |       |       |       |   269 |   357 ||   626
       Demon blade       |       |       |       |       |  1215 ||  1215
Throw: Tomahawk          |       |       |       |       |     7 ||     7
Invok: Berserk           |     1 |     1 |     4 |    15 |    12 ||    33
       Trog's Hand       |       |     1 |     3 |     5 |     8 ||    17
       Brothers in Arms  |       |       |       |       |     1 ||     1
       Burn Spellbooks   |       |       |       |       |     1 ||     1
  Use: Scroll            |       |     9 |    17 |    10 |    22 ||    58
       Potion            |       |       |       |     6 |     8 ||    14
 Stab: Sleeping          |     2 |       |       |       |       ||     2
       Petrified         |       |       |       |       |     8 ||     8
  Eat: Chunk             |       |     7 |    14 |    20 |    35 ||    76
       Bread ration      |       |       |       |     3 |       ||     3
       Meat ration       |       |       |       |       |     3 ||     3
       Beef jerky        |       |       |       |       |     1 ||     1
Armor: Animal skin       |     7 |       |       |       |       ||     7
       Scale mail        |       |    35 |    14 |       |       ||    49
       Chain mail        |       |       |    79 |   285 |       ||   364
       Plate armour      |       |       |       |    32 |   580 ||   612
Dodge: Dodged            |    38 |    49 |    84 |   130 |   404 ||   705
Block: Other             |       |     8 |    13 |       |       ||    21
       Large shield      |       |       |       |   384 |  1521 ||  1905
       Rpst.: Falchion   |    11 |    13 |       |       |       ||    24
       Long sword        |       |     3 |    20 |    24 |       ||    47
       Double sword      |       |       |       |     6 |    12 ||    18
       Demon blade       |       |       |       |       |    68 ||    68
